[Event "Titled Tuesday Blitz July 20 2021"]
[White "Belyakov, Bogdan"]
[Black "FGHSMN"]
[WhiteFideId "24104795"]
[WhiteElo "2407"]
[BlackElo "2551"]
[Result "1-0"]
[Round "11"]
[TimeControl "180+1"]
[Date "2021.07.20"]
[WhiteClock "0:02:22"]
[BlackClock "0:01:00"]

1. e4 c5 2. c3 d5 3. exd5 Qxd5 4. d4 Nf6 5. Nf3 e6 6. Bd3 Nc6 7. dxc5 Bxc5 8. O-O O-O 9. Qe2 h6 10. Nbd2 b6 11. Ne4 Nxe4 12. Bxe4 Qd6 13. b4 Bxb4 14. cxb4 Bb7 15. a3 f5 16. Bc2 e5 17. Rd1 Nd4 18. Nxd4 exd4 19. Bb2 Qc6 20. f3 Rac8 21. Bb3+ Kh8 22. Rxd4 Rfe8 23. Qd2 Ba6 24. Rd6 Qb5 25. Qxh6# 1-0


[Site "https://www.chess.com"]

[Event "Titled Tuesday Blitz July 20 2021"]
[White "Costachi, Mihnea"]
[Black "Leve, Nitai"]
[WhiteFideId "1217518"]
[BlackFideId "2006898"]
[WhiteElo "2482"]
[BlackElo "2144"]
[Result "0-1"]
[Round "11"]
[TimeControl "180+1"]
[Date "2021.07.21"]
[WhiteClock "0:01:51"]
[BlackClock "0:01:50"]

1. Nf3 Nf6 2. c4 c6 3. g3 d5 4. cxd5 cxd5 5. Bg2 Nc6 6. O-O e5 7. b3 e4 8. Ne1 Bc5 9. Bb2 h5 10. d3 e3 11. fxe3 Bxe3+ 12. Kh1 h4 13. Nc2 Bb6 14. gxh4 Ng4 15. Qe1 Rxh4 16. h3 Qd6 17. Be5 Qxe5 18. Qxh4 Qh2# 0-1


[Site "https://www.chess.com"]

[Event "Titled Tuesday Blitz July 20 2021"]
[White "Dang, Hoang Son"]
[Black "kai_nov"]
[WhiteFideId "12402435"]
[WhiteElo "2248"]
[BlackElo "2333"]
[Result "1-0"]
[Round "11"]
[TimeControl "180+1"]
[Date "2021.07.21"]
[WhiteClock "0:01:03"]
[BlackClock "0:00:07"]

1. e4 c5 2. Nf3 Nc6 3. d4 cxd4 4. Nxd4 Nf6 5. Nc3 e5 6. Ndb5 d6 7. Nd5 Nxd5 8. exd5 Nb8 9. a4 Be7 10. Be2 a6 11. Na3 O-O 12. Nc4 Bf5 13. O-O Nd7 14. Bg4 Bxg4 15. Qxg4 Rc8 16. b3 f5 17. Qe2 Nb6 18. Nxb6 Qxb6 19. Be3 Qb4 20. Rac1 e4 21. Rfd1 Bf6 22. Bf4 Rfe8 23. h3 Be5 24. Bd2 Bc3 25. Qe3 Bxd2 26. Rxd2 Rc3 27. Qf4 g6 28. Re1 Re5 29. Qg5 Kg7 30. h4 Qc5 31. Re3 Rxc2 32. Rxc2 Qxc2 33. h5 Qd1+ 34. Kh2 Qxh5+ 35. Qxh5 gxh5 36. Kg3 Rxd5 37. Kf4 Kf6 38. Rh3 Rd3 39. Rxh5 Rxb3 40. Rxf5+ Ke6 41. Rh5 Rb4 42. a5 d5 43. Rh6+ Kf7 44. Rxh7+ Kf6 45. Rh6+ Kg7 46. Rd6 Rb5 47. g4 Rxa5 48. Rd7+ Kf6 49. Rxb7 Rb5 50. Ra7 a5 51. Ra6+ Ke7 52. Ke5 Rb2 53. Ra7+ Kd8 54. Kxd5 Rxf2 55. Kxe4 Ke8 56. Rxa5 Kf7 57. Rf5+ Rxf5 58. Kxf5 Kg7 59. Kg5 Kh7 60. Kf6 Kh6 61. g5+ Kh7 62. Kf7 Kh8 63. Kg6 Kg8 64. Kh6 Kh8 65. g6 Kg8 66. g7 Kf7 67. Kh7 Ke7 68. g8=Q 1-0


[Site "https://www.chess.com"]

[Event "Titled Tuesday Blitz July 20 2021"]
[White "Derige Kane, Yan"]
[Black "Boidiya, Sidi"]
[WhiteFideId "20665431"]
[BlackFideId "19600100"]
[WhiteElo "2169"]
[BlackElo "2113"]
[Result "0-1"]
[Round "11"]
[TimeControl "180+1"]
[Date "2021.07.21"]
[WhiteClock "0:00:17"]
[BlackClock "0:00:20"]

1. d4 d5 2. c4 e5 3. Nc3 exd4 4. Qxd4 Nc6 5. Qxd5 Be6 6. Qb5 a6 7. Qa4 Qd7 8. Bd2 O-O-O 9. O-O-O Nf6 10. Nf3 Bc5 11. e3 Qe7 12. h3 Kb8 13. Be2 Bf5 14. g4 Bg6 15. g5 Ne4 16. Nd5 Qe8 17. Rhf1 Ba7 18. h4 Nc5 19. Qc2 Bxc2 20. Kxc2 Qe4+ 21. Kc1 Nd3+ 22. Bxd3 Qxd3 23. b3 Bc5 24. Bb4 Qf5 25. Bxc5 Qxf3 26. Rd2 Qe4 27. h5 Qe5 28. f4 Qa1+ 29. Kc2 Qxf1 0-1


[Site "https://www.chess.com"]

[Event "Titled Tuesday Blitz July 20 2021"]
[White "DieHardCuban"]
[Black "Baskin, Robert"]
[BlackFideId "24662402"]
[WhiteElo "2465"]
[BlackElo "2462"]
[Result "0-1"]
[Round "11"]
[TimeControl "180+1"]
[Date "2021.07.21"]
[WhiteClock "0:00:02"]
[BlackClock "0:00:21"]

1. e4 e6 2. d4 d5 3. e5 c5 4. c3 Nc6 5. Nf3 Bd7 6. a3 Rc8 7. Be2 cxd4 8. cxd4 Nge7 9. b4 Nf5 10. O-O Qb6 11. Bb2 Na5 12. Nbd2 Nc4 13. Nxc4 dxc4 14. Rc1 Qa6 15. d5 exd5 16. Qxd5 Be6 17. Qe4 Be7 18. g4 Nh4 19. Nd4 b5 20. f4 Rd8 21. Rf2 Bd5 22. Qe3 O-O 23. f5 f6 24. e6 Ba8 25. Qg3 Qb7 26. Nf3 Nxf3+ 27. Bxf3 Qb6 28. Bxa8 Rxa8 29. g5 fxg5 30. Kh1 Qc6+ 31. Rg2 Rad8 32. Re1 Rd2 33. Bc3 Rxg2 34. Qxg2 Qxg2+ 35. Kxg2 Rxf5 36. Rd1 Rf8 37. Rd7 Re8 38. Rxa7 Bf6 39. Bxf6 gxf6 40. e7 Kf7 41. Rb7 Rxe7 42. Rxb5 Rc7 0-1


[Site "https://www.chess.com"]

[Event "Titled Tuesday Blitz July 20 2021"]
[White "Dixit, Arun"]
[Black "Czerw, Dawid"]
[WhiteFideId "30937671"]
[BlackFideId "1145746"]
[WhiteElo "2360"]
[BlackElo "2075"]
[Result "1-0"]
[Round "11"]
[TimeControl "180+1"]
[Date "2021.07.21"]
[WhiteClock "0:01:29"]
[BlackClock "0:01:41"]

1. d4 c5 2. d5 e5 3. c4 d6 4. f4 exf4 5. Bxf4 Nd7 6. Nc3 Ne5 7. e4 g6 8. Nf3 Bg7 9. Nxe5 dxe5 10. Be3 Nf6 11. Bxc5 b6 12. Ba3 Nh5 13. g3 Bh6 14. c5 Qg5 15. Bb5+ Bd7 16. c6 Bg4 17. c7+ Bd7 18. Qa4 Qe3+ 19. Ne2 Nf6 20. Bxd7+ Nxd7 21. Qc6 Rc8 22. Qb7 1-0


[Site "https://www.chess.com"]

[Event "Titled Tuesday Blitz July 20 2021"]
[White "DominikPedzich"]
[Black "Nguyen, Quoc Hy"]
[BlackFideId "12410853"]
[WhiteElo "2421"]
[BlackElo "1975"]
[Result "1-0"]
[Round "11"]
[TimeControl "180+1"]
[Date "2021.07.21"]
[WhiteClock "0:00:41"]
[BlackClock "0:00:39"]

1. e4 c5 2. Nf3 d6 3. Bb5+ Bd7 4. Bxd7+ Qxd7 5. O-O g6 6. c3 Nf6 7. Qe2 Bg7 8. d4 O-O 9. Rd1 Qc7 10. Bg5 Nc6 11. e5 Nd5 12. dxc5 f6 13. Rxd5 fxg5 14. exd6 exd6 15. cxd6 Qf7 16. Rxg5 Rae8 17. Qd1 Ne5 18. Nbd2 Nd3 19. Qb3 Re6 20. Rd5 Nf4 21. Rb5 a6 22. Rxb7 Qf5 23. Re1 Kh8 24. Rxe6 Nxe6 25. Re7 Nf4 26. h3 Bh6 27. Qc4 Nxh3+ 28. gxh3 Bxd2 29. Qd4+ Rf6 30. Nxd2 1-0


[Site "https://www.chess.com"]

[Event "Titled Tuesday Blitz July 20 2021"]
[White "Wagner, Dinara"]
[Black "Harshavardhan G B"]
[WhiteFideId "24157570"]
[BlackFideId "25059009"]
[WhiteElo "2260"]
[BlackElo "1825"]
[Result "0-1"]
[Round "11"]
[TimeControl "180+1"]
[Date "2021.07.21"]
[WhiteClock "0:00:04"]
[BlackClock "0:00:26"]

1. d4 Nf6 2. c4 e6 3. Nf3 b6 4. a3 Bb7 5. Nc3 g6 6. d5 Bg7 7. e4 O-O 8. Bd3 d6 9. O-O e5 10. b4 Nbd7 11. h3 Nh5 12. Be3 f5 13. exf5 gxf5 14. Ng5 Qe8 15. Ne6 Rc8 16. Nxg7 Nxg7 17. Bh6 Qg6 18. Bxg7 Kxg7 19. Rc1 c6 20. Be2 e4 21. dxc6 Bxc6 22. Nd5 Qg5 23. Qd4+ Ne5 24. f4 exf3 25. Bxf3 Bxd5 26. Qxd5 Rcd8 27. Rcd1 Rf6 28. Qd4 Rg6 29. Bd5 Re8 30. Rde1 Kh6 31. Qe3 f4 32. Qd2 Rf8 33. Kh1 Kg7 34. Qd4 Rff6 35. c5 f3 36. Rf2 bxc5 37. bxc5 Qg3 38. Rd1 Ng4 39. hxg4 Rh6+ 40. Kg1 Qh2+ 41. Kf1 Qh1# 0-1


[Site "https://www.chess.com"]

[Event "Titled Tuesday Blitz July 20 2021"]
[White "Dzierzak, Radoslaw"]
[Black "Dzhaparov, Medet"]
[WhiteFideId "1161407"]
[BlackFideId "13803689"]
[WhiteElo "2019"]
[BlackElo "1702"]
[Result "0-1"]
[Round "11"]
[TimeControl "180+1"]
[Date "2021.07.21"]
[WhiteClock "0:00:02"]
[BlackClock "0:00:02"]

1. e4 e5 2. Nf3 Nc6 3. Bc4 Bc5 4. O-O Nf6 5. d3 d6 6. c3 O-O 7. Re1 h6 8. h3 a6 9. Bb3 Ba7 10. Nbd2 Ne7 11. Nf1 Ng6 12. Ng3 Be6 13. Be3 Bxe3 14. Rxe3 Qd7 15. Bxe6 Qxe6 16. d4 Rfe8 17. d5 Qd7 18. Nf5 Nxe4 19. Nxh6+ gxh6 20. Rxe4 f5 21. Re1 Kh7 22. Qd2 Rg8 23. Kh2 Rg7 24. Rg1 Rf8 25. Raf1 f4 26. g4 e4 27. Nd4 Ne5 28. f3 e3 29. Qc2+ Rg6 30. h4 Kg7 31. h5 Rgf6 32. g5 hxg5 33. Rxg5+ Kh8 34. Rfg1 Rh6 35. Qg2 Qf7 36. Qh3 Qxd5 37. Rg7 c5 38. Qd7 Rxh5+ 39. Kg2 cxd4 40. Kf1 Qxf3+ 41. Ke1 Nd3# 0-1


[Site "https://www.chess.com"]

[Event "Titled Tuesday Blitz July 20 2021"]
[White "Estrada Nieto, Julian"]
[Black "Stepak, Yedael"]
[WhiteFideId "5101018"]
[BlackFideId "2800454"]
[WhiteElo "2270"]
[BlackElo "2146"]
[Result "0-1"]
[Round "11"]
[TimeControl "180+1"]
[Date "2021.07.21"]
[WhiteClock "0:00:02"]
[BlackClock "0:00:35"]

1. e4 c5 2. Nf3 e6 3. c3 a6 4. d4 Qc7 5. Bd3 d6 6. O-O e5 7. Re1 Nf6 8. Bg5 Be7 9. Nbd2 Nc6 10. dxe5 Nxe5 11. Nxe5 dxe5 12. a4 b6 13. Nc4 Bb7 14. Qf3 Rd8 15. Rad1 O-O 16. Bc2 Rxd1 17. Rxd1 Rd8 18. Bxf6 Bxf6 19. Ne3 Rxd1+ 20. Qxd1 Qd8 21. Qxd8+ Bxd8 22. Kf1 g6 23. Ke2 Kf8 24. Bb3 Bxe4 25. Bc4 Bb7 26. Bd5 Bxd5 27. Nxd5 Ke8 28. Kd3 Kd7 29. c4 Ke6 30. b3 f5 31. f3 h5 32. h3 Kd6 33. g4 e4+ 34. fxe4 fxg4 35. hxg4 hxg4 36. Ke3 Bg5+ 37. Kf2 Ke5 38. Kg3 Kxe4 39. Nxb6 Kd3 40. Kxg4 Be7 41. Nd5 Bd8 42. Kf4 Kc2 43. b4 cxb4 44. Nxb4+ Kb3 45. Nc6 Bc7+ 46. Ke4 Kxa4 47. Ne7 g5 48. Kd5 g4 49. Nf5 g3 50. Nh4 a5 51. c5 Kb5 52. c6 a4 53. Nf3 a3 54. Nd4+ Kb6 0-1


[Site "https://www.chess.com"]

[Event "Titled Tuesday Blitz July 20 2021"]
[White "Florescu, Codrut-Constantin"]
[Black "Bach, Ngoc Thuy Duong"]
[WhiteFideId "1202200"]
[BlackFideId "12408956"]
[WhiteElo "2243"]
[BlackElo "1896"]
[Result "0-1"]
[Round "11"]
[TimeControl "180+1"]
[Date "2021.07.21"]
[WhiteClock "0:00:29"]
[BlackClock "0:00:18"]

1. d4 d5 2. c4 e6 3. Nf3 c6 4. Qc2 dxc4 5. Qxc4 b5 6. Qc2 Bb7 7. g3 Nd7 8. Bg2 Ngf6 9. O-O a6 10. a4 Be7 11. Bf4 O-O 12. Nbd2 Nb6 13. b3 Rc8 14. Ne1 Nbd5 15. Be5 c5 16. dxc5 Bxc5 17. Qb2 Qb6 18. axb5 axb5 19. Nd3 Rfd8 20. Nxc5 Qxc5 21. Ne4 Nxe4 22. Bxe4 f6 23. Bd4 Qb4 24. Rfd1 e5 25. Ba7 Qxe4 26. f3 Qb4 27. Bf2 Qc3 28. Qb1 Ne3 29. Rxd8+ Rxd8 30. Qa2 Ra8 31. Qxa8+ Bxa8 32. Rxa8+ Kf7 33. Ra7+ Kg6 34. h4 Qd2 35. h5+ Kxh5 36. Rxg7 Qd1+ 37. Kh2 Qxe2 38. g4+ Kh6 39. Kg3 Kxg7 0-1


[Site "https://www.chess.com"]

[Event "Titled Tuesday Blitz July 20 2021"]
[White "Gabrielian, Artur"]
[Black "Wilson, Elvin"]
[WhiteFideId "4131002"]
[BlackFideId "2014874"]
[WhiteElo "2523"]
[BlackElo "2346"]
[Result "1-0"]
[Round "11"]
[TimeControl "180+1"]
[Date "2021.07.21"]
[WhiteClock "0:00:47"]
[BlackClock "0:00:05"]

1. d4 Nf6 2. Bg5 e6 3. e4 h6 4. Bxf6 Qxf6 5. c3 d6 6. Bd3 e5 7. Ne2 g6 8. O-O Bg7 9. f4 Qe7 10. f5 O-O 11. Nd2 Nd7 12. Qb3 Kh7 13. Nf3 Nf6 14. Ng3 b6 15. dxe5 dxe5 16. Kh1 Bb7 17. Rae1 Rad8 18. Qc2 a5 19. a4 Nd7 20. Bc4 Nc5 21. b3 Rd7 22. h4 Rfd8 23. fxg6+ fxg6 24. h5 Nd3 25. hxg6+ Kxg6 26. Nf5 Qe8 27. Rd1 Nf4 28. Rxd7 Rxd7 29. g3 Ne6 30. Bd5 c6 31. Bc4 Kh7 32. Rd1 Nc5 33. b4 axb4 34. cxb4 Ne6 35. Rxd7 Qxd7 36. Kg2 Nd4 37. N3xd4 exd4 38. a5 bxa5 39. bxa5 Be5 40. a6 Ba8 41. Qb3 c5 42. Bd5 Bxd5 43. Qxd5 Qxd5 44. exd5 Bb8 45. Kf3 Kg6 46. g4 Kf6 47. Ke4 h5 48. gxh5 d3 49. Kxd3 Kxf5 50. Kc4 Ke5 51. h6 Ba7 52. h7 Ke4 53. h8=Q 1-0


[Site "https://www.chess.com"]

[Event "Titled Tuesday Blitz July 20 2021"]
[White "Gontcharov, Vladislav"]
[Black "Gelman, Alexander"]
[WhiteFideId "4123492"]
[BlackFideId "4118316"]
[WhiteElo "2503"]
[BlackElo "2375"]
[Result "1-0"]
[Round "11"]
[TimeControl "180+1"]
[Date "2021.07.21"]
[WhiteClock "0:00:20"]
[BlackClock "0:00:05"]

1. e4 b6 2. d4 Bb7 3. Bd3 Nf6 4. Qe2 e6 5. Nf3 d5 6. e5 Nfd7 7. O-O c5 8. c3 Nc6 9. a3 Be7 10. b4 g5 11. b5 Na5 12. Nbd2 Qc7 13. Bb2 g4 14. Ne1 h5 15. f3 Rg8 16. fxg4 hxg4 17. g3 Rg7 18. Ng2 O-O-O 19. Nf4 Kb8 20. Rf2 Rg5 21. Nf1 Nc4 22. a4 Ndxe5 23. dxe5 Nxe5 24. Nd2 c4 25. Bc2 Bc5 26. Ba3 Bxf2+ 27. Qxf2 d4 28. cxd4 c3 29. dxe5 Rxd2 30. Bd6 Rxd6 31. exd6 Qxd6 32. Rd1 Qb4 33. Nd3 Qe7 34. Qf4+ Ka8 35. Ne5 Rh5 36. Nc6 Qc5+ 37. Qd4 Bxc6 38. bxc6 Qxd4+ 39. Rxd4 Kb8 40. Rd7 Rd5 41. Rxf7 Rd2 42. Rf2 Kc7 43. Rxd2 cxd2 44. Kf2 Kxc6 45. Ke2 b5 46. axb5+ Kxb5 47. Kxd2 a5 48. Bd1 a4 49. Bxg4 e5 50. Be6 Kc5 51. Ke3 Kd6 52. Ba2 Ke7 53. Ke4 Kf6 54. h4 Kg6 55. Kxe5 1-0


[Site "https://www.chess.com"]

[Event "Titled Tuesday Blitz July 20 2021"]
[White "Gracia Alvarez, Gerardo Antonio"]
[Black "Sliwicki, Damian"]
[WhiteFideId "5109124"]
[BlackFideId "1127128"]
[WhiteElo "2148"]
[BlackElo "2149"]
[Result "0-1"]
[Round "11"]
[TimeControl "180+1"]
[Date "2021.07.21"]
[WhiteClock "0:01:35"]
[BlackClock "0:01:19"]

1. e4 d6 2. d4 Nf6 3. Nc3 Nbd7 4. Nf3 e5 5. Rg1 c6 6. g4 h6 7. Qe2 Qb6 8. dxe5 dxe5 9. h4 Be7 10. g5 Nh5 11. Nxe5 Nxe5 12. Qxh5 Bg4 13. Rxg4 g6 0-1


[Site "https://www.chess.com"]

[Event "Titled Tuesday Blitz July 20 2021"]
[White "GrafLermontov"]
[Black "Koridze, Lile"]
[BlackFideId "13612514"]
[WhiteElo "2544"]
[BlackElo "1978"]
[Result "0-1"]
[Round "11"]
[TimeControl "180+1"]
[Date "2021.07.21"]
[WhiteClock "0:00:05"]
[BlackClock "0:00:18"]

1. d4 Nf6 2. c4 e6 3. Nf3 d5 4. Nc3 Bb4 5. cxd5 exd5 6. Bg5 O-O 7. e3 c6 8. Bd3 h6 9. Bh4 Bd6 10. Bg3 Be6 11. O-O b6 12. Qc2 Bxg3 13. hxg3 Qd6 14. Rac1 Nbd7 15. Rfd1 Rac8 16. Qe2 Bg4 17. Rc2 Rfe8 18. Rdc1 Qe6 19. Ba6 Rcd8 20. Na4 c5 21. dxc5 bxc5 22. Nxc5 Nxc5 23. Rxc5 d4 24. Rc6 Qxa2 25. Bc4 Qa5 26. Ra6 Qc7 27. Raa1 dxe3 28. Bb5 exf2+ 29. Qxf2 Qe7 30. Bxe8 Qxe8 31. Re1 Qb5 32. Rxa7 Qd5 33. Ra4 Qh5 34. Rd4 Rc8 35. Red1 Kh7 36. b4 Bf5 37. b5 Rc2 38. R4d2 Ne4 39. Qd4 Nxd2 40. Rxd2 Rc1+ 41. Rd1 Rc2 42. Rd2 Rc1+ 43. Kf2 Qh1 44. b6 Qf1+ 45. Ke3 Rc4 46. Rf2 Qc1+ 47. Qd2 Re4+ 48. Kd3 Qc4# 0-1


[Site "https://www.chess.com"]

[Event "Titled Tuesday Blitz July 20 2021"]
[White "Gubajdullin, Alexei"]
[Black "Bayo Milagro, Alvaro"]
[WhiteFideId "4141202"]
[BlackFideId "22275240"]
[WhiteElo "2403"]
[BlackElo "2270"]
[Result "0-1"]
[Round "11"]
[TimeControl "180+1"]
[Date "2021.07.21"]
[WhiteClock "0:00:28"]
[BlackClock "0:00:21"]

1. d4 d6 2. Nf3 Nf6 3. Bf4 g6 4. e3 Bg7 5. Be2 O-O 6. O-O Nbd7 7. h3 Re8 8. c3 c5 9. a4 b6 10. a5 Bb7 11. Na3 e5 12. dxe5 dxe5 13. Bh2 Nd5 14. Nc4 Qc7 15. Ng5 b5 16. a6 Bc6 17. Na5 N7b6 18. Nxc6 Qxc6 19. Ra5 c4 20. Bf3 h6 21. Ne4 f5 22. Nd2 e4 23. Be2 Red8 24. Qc2 Qc5 25. Rfa1 Nxe3 26. fxe3 Qxe3+ 27. Kh1 Rxd2 28. Qc1 Qxe2 29. Qg1 Rxb2 30. Re1 Qd3 31. Rd1 Qxc3 32. Raa1 Rc8 33. Rac1 Qb4 34. Bd6 Qa4 35. Qe3 Qxa6 36. Qg3 Kh7 37. Be5 Rb3 38. Qh2 Qb7 39. Rd6 Re8 40. Bxg7 Qxg7 41. Qf4 e3 42. g4 fxg4 43. Qxg4 e2 44. Re1 Rbe3 45. Rc6 c3 46. Qf4 Rxh3+ 47. Kg2 Ree3 48. Rc7 Reg3+ 49. Kf2 Rf3+ 50. Qxf3 Rxf3+ 51. Kxf3 Qxc7 52. Rxe2 Qc6+ 53. Kg4 h5+ 54. Kg5 Qd5+ 55. Kf6 Qf5+ 56. Ke7 c2 57. Re1 Nd5+ 58. Kd6 b4 59. Kc5 b3 60. Kc4 b2 61. Kd4 c1=Q 62. Re7+ Kh6 63. Rh7+ Kg5 64. Rxh5+ Kf6 0-1


[Site "https://www.chess.com"]

[Event "Titled Tuesday Blitz July 20 2021"]
[White "Gusarov, Grigory"]
[Black "Jarovinsky, Alexey"]
[WhiteFideId "24102172"]
[BlackFideId "14115131"]
[WhiteElo "2269"]
[BlackElo "2446"]
[Result "1-0"]
[Round "11"]
[TimeControl "180+1"]
[Date "2021.07.20"]
[WhiteClock "0:01:24"]
[BlackClock "0:00:01"]

1. d4 Nc6 2. Nf3 d6 3. Bg5 h6 4. Bh4 g5 5. Bg3 Bg7 6. c3 f5 7. e3 e5 8. dxe5 dxe5 9. Qxd8+ Kxd8 10. h3 f4 11. Bh2 Be6 12. Bb5 Nge7 13. Nbd2 a6 14. Bc4 Bxc4 15. Nxc4 Kd7 16. O-O-O Ke6 17. exf4 exf4 18. Rhe1+ Kf7 19. Rd7 Rac8 20. g3 Rhd8 21. Rxd8 Rxd8 22. gxf4 gxf4 23. Bxf4 Nd5 24. Bg3 b5 25. Nce5+ Nxe5 26. Nxe5+ Bxe5 27. Rxe5 c6 28. Kc2 Rg8 29. b3 Kf6 30. Re4 Kf5 31. Rh4 Rg6 32. a4 Nf6 33. Rf4+ Ke6 34. Rd4 Nd5 35. c4 bxc4 36. bxc4 Ne7 37. Rd6+ Kf5 38. Rxg6 Nxg6 39. Kd3 Nf8 40. Kc3 Ke4 41. Kb4 Kd4 42. Bf4 c5+ 43. Kb3 Ne6 44. Bxh6 Kd3 45. Be3 a5 46. h4 Ke4 47. h5 Kf5 48. h6 Kg6 49. Kc3 Nd8 50. Kd3 Nc6 51. Ke4 Nb4 52. Bxc5 Nc2 53. Be3 1-0


[Site "https://www.chess.com"]

[Event "Titled Tuesday Blitz July 20 2021"]
[White "Hebden, Mark L"]
[Black "Eynullayev, Atilla"]
[WhiteFideId "400084"]
[BlackFideId "13413570"]
[WhiteElo "2457"]
[BlackElo "1997"]
[Result "1-0"]
[Round "11"]
[TimeControl "180+1"]
[Date "2021.07.21"]
[WhiteClock "0:00:29"]
[BlackClock "0:00:19"]

1. d4 Nf6 2. Nf3 e6 3. c3 Nc6 4. Bg5 h6 5. Bxf6 Qxf6 6. e4 d6 7. Bb5 Bd7 8. O-O g5 9. Re1 g4 10. Nfd2 h5 11. Nc4 a6 12. Bxc6 Bxc6 13. d5 Bb5 14. Nba3 Bxc4 15. Nxc4 O-O-O 16. a4 Rg8 17. Ra3 h4 18. g3 h3 19. b4 exd5 20. Qxd5 Qf3 21. Ne3 Bh6 22. Qf5+ Qxf5 23. Nxf5 Bg5 24. c4 Rge8 25. Kf1 Re5 26. Ra2 Rde8 27. Rae2 a5 28. b5 Rc5 29. Rc2 Kd7 30. f3 gxf3 31. Kf2 Rce5 32. g4 Rxe4 33. Rxe4 Rxe4 34. Kxf3 Re1 35. c5 dxc5 36. Rxc5 f6 37. Rd5+ Ke6 38. Rd4 Rb1 39. Rc4 Kd7 40. Nd4 Rb4 41. Rxb4 axb4 42. Ke4 Kd6 43. a5 Kc5 44. a6 bxa6 45. bxa6 Kb6 46. a7 Kxa7 47. Nc6+ Kb6 48. Nxb4 c5 49. Nd5+ Kb5 50. Nc3+ Kb4 51. Kd3 c4+ 52. Kd4 Bf4 53. Nd5+ Kb3 54. Nxf4 c3 55. Kd3 c2 56. Kd2 Kb2 57. Nd3+ 1-0


[Site "https://www.chess.com"]

[Event "Titled Tuesday Blitz July 20 2021"]
[White "Howell, David W L"]
[Black "Bortnyk, Olexandr"]
[WhiteFideId "410608"]
[BlackFideId "14120828"]
[WhiteElo "2643"]
[BlackElo "2723"]
[Result "0-1"]
[Round "11"]
[TimeControl "180+1"]
[Date "2021.07.20"]
[WhiteClock "0:00:04"]
[BlackClock "0:00:04"]

1. e4 Nf6 2. e5 Nd5 3. Nf3 d6 4. d4 dxe5 5. Nxe5 c6 6. Be2 Bf5 7. O-O Nd7 8. Nd3 e6 9. c4 N5f6 10. Nc3 Bd6 11. Be3 O-O 12. h3 Re8 13. Re1 e5 14. dxe5 Nxe5 15. Nxe5 Bxe5 16. Qb3 Qc7 17. Rad1 b6 18. Bf3 Rac8 19. Rd2 h6 20. Rde2 Bd3 21. Rd2 Bf5 22. Rde2 Re6 23. c5 b5 24. a4 a6 25. axb5 axb5 26. Na2 Rce8 27. Nb4 Be4 28. Bxe4 Nxe4 29. Nd3 Bh2+ 30. Kh1 Nf6 31. Qc2 Ne4 32. b4 Bg3 33. Kg1 Bh2+ 34. Kh1 Qb8 35. Bd4 Bc7 36. Kg1 Qd8 37. Bb2 Qg5 38. Bc1 Qh4 39. Be3 Rg6 40. Kh1 f5 41. Bc1 Kh7 42. Re3 Ra8 43. Kg1 Ra4 44. Rf3 Qh5 45. Qe2 Nc3 46. Qe3 Nd5 47. Qe2 Ra1 48. Bd2 Ra2 49. Rd1 Nc3 0-1


[Site "https://www.chess.com"]

[Event "Titled Tuesday Blitz July 20 2021"]
[White "Indjic, Aleksandar"]
[Black "Moroni, Luca Jr"]
[WhiteFideId "911925"]
[BlackFideId "865834"]
[WhiteElo "2643"]
[BlackElo "2491"]
[Result "0-1"]
[Round "11"]
[TimeControl "180+1"]
[Date "2021.07.20"]
[WhiteClock "0:00:04"]
[BlackClock "0:00:06"]

1. d4 g6 2. c4 Bg7 3. Nf3 d6 4. Nc3 Nc6 5. Bg5 h6 6. Be3 Nf6 7. h3 O-O 8. g4 d5 9. Qd2 Ne4 10. Qc1 Nxc3 11. bxc3 Kh7 12. cxd5 Qxd5 13. Bg2 Qd6 14. O-O e5 15. d5 Ne7 16. c4 f5 17. c5 Qd8 18. gxf5 Nxf5 19. Nd2 Nh4 20. Qc4 Nxg2 21. Kxg2 b5 22. Qb3 Qh4 23. Rh1 Qh5 24. f3 Rf4 25. Bxf4 exf4 26. Rag1 Qh4 27. Ne4 Bf5 28. d6 cxd6 29. cxd6 Re8 30. Qd3 b4 31. Rc1 Bc3 32. d7 Rd8 33. Rcd1 Bg7 34. Qb3 Rxd7 35. Rxd7 Bxd7 36. Qd3 Bf5 37. Qb3 a5 38. Qd3 a4 39. Kg1 b3 40. a3 b2 41. Kg2 Qe7 42. Rb1 Qh4 43. Rh1 Qe7 44. Rb1 Bxe4 45. fxe4 Qg5+ 46. Kf1 Qe5 47. Ke1 Qe6 48. Kd1 Qa2 49. Kc2 Qe6 50. Qd5 Qe7 51. Qd3 Qc5+ 52. Kd1 Bd4 53. Qc2 Qxa3 54. e5 Bxe5 55. Qd3 Qxd3+ 56. exd3 a3 57. d4 Bxd4 58. Kc2 a2 0-1


[Site "https://www.chess.com"]

[Event "Titled Tuesday Blitz July 20 2021"]
[White "Iskusnyh, Sergei"]
[Black "Siva Mahadevan"]
[WhiteFideId "4120027"]
[BlackFideId "25043153"]
[WhiteElo "2492"]
[BlackElo "2203"]
[Result "1-0"]
[Round "11"]
[TimeControl "180+1"]
[Date "2021.07.20"]
[WhiteClock "0:00:47"]
[BlackClock "0:01:36"]

1. d4 Nf6 2. c4 g6 3. g3 Bg7 4. Bg2 O-O 5. Nc3 d6 6. Nf3 Nbd7 7. O-O e5 8. e4 exd4 9. Nxd4 Re8 10. h3 a6 11. Be3 Rb8 12. Rc1 Ne5 13. b3 c5 14. Nde2 b5 15. f4 Ned7 16. Qxd6 b4 17. e5 bxc3 18. Nxc3 Rb6 19. Qd2 Rbe6 20. Bf2 Nh5 21. Rcd1 Qa5 22. Nd5 Qxd2 23. Rxd2 Nxe5 24. fxe5 Bxe5 25. g4 Nf4 26. Nxf4 Bxf4 27. Rd5 Re2 28. Bxc5 Bh6 29. Rf2 Re1+ 30. Kh2 Be6 31. Rd3 a5 32. Bd5 Bxd5 33. cxd5 a4 34. d6 Rd8 35. d7 Re6 36. bxa4 Rc6 37. Be7 1-0


[Site "https://www.chess.com"]

[Event "Titled Tuesday Blitz July 20 2021"]
[White "Jaiswal, Rupesh"]
[Black "Obolentseva, Alexandra"]
[WhiteFideId "12300870"]
[BlackFideId "24153648"]
[WhiteElo "2114"]
[BlackElo "2113"]
[Result "1-0"]
[Round "11"]
[TimeControl "180+1"]
[Date "2021.07.21"]
[WhiteClock "0:00:17"]
[BlackClock "0:00:26"]

1. d4 Nf6 2. Bf4 d5 3. e3 Bf5 4. c4 c6 5. Qb3 Qd7 6. Nc3 e6 7. h3 Ne4 8. Nf3 Be7 9. Be2 O-O 10. Rc1 Na6 11. Ne5 Qd8 12. Qxb7 Nb4 13. Nxc6 Nxc6 14. Qxc6 Nxc3 15. bxc3 Ba3 16. Rd1 Qa5 17. cxd5 Rac8 18. Qb5 Qxc3+ 19. Kf1 Bc2 20. g4 Bxd1 21. Bxd1 exd5 22. Kg2 Qc4 23. Qa5 Bb4 24. Qa4 Bc3 25. Qxa7 Ra8 26. Qc5 Rxa2 27. Bf3 Qxc5 28. dxc5 Rc8 29. Bxd5 Ra5 30. Bd6 Bb4 31. Rc1 Bxc5 32. Bb7 Rd8 33. Bxc5 Ra2 34. Bd4 h6 35. Be4 Re8 36. Bf5 g6 37. Bd3 Ra5 38. Rc7 Rf8 39. Bc4 Ra4 40. Bb3 Ra3 41. Bd5 Ra5 42. e4 Ra4 43. Be3 h5 44. Bf4 hxg4 45. hxg4 Ra6 46. Bg5 Rb6 47. Be3 Rf6 48. Bc5 Re8 49. g5 Rf4 50. Kg3 Rexe4 51. Bxe4 Rxe4 52. f4 Re6 53. Kg4 Re8 54. Bd4 Ra8 55. Be5 Re8 56. Rb7 Ra8 57. Rb8+ Rxb8 58. Bxb8 Kg7 59. Be5+ Kg8 60. Bf6 Kf8 61. Kf3 Kg8 62. Ke4 Kf8 63. Ke5 Kg8 64. Kd6 Kf8 65. Kd7 Kg8 66. Ke7 Kh7 67. Be5 Kg8 68. Kf6 Kf8 69. Bd6+ Kg8 70. Be7 Kh8 71. Kxf7 Kh7 72. Bd8 Kh8 73. Kxg6 Kg8 74. f5 Kh8 75. f6 Kg8 76. Be7 Kh8 77. Bc5 Kg8 78. Bd4 Kf8 79. f7 Ke7 80. Kg7 1-0


[Site "https://www.chess.com"]

[Event "Titled Tuesday Blitz July 20 2021"]
[White "Janaszak, Dawid"]
[Black "Filippova, Margarita"]
[WhiteFideId "1119206"]
[BlackFideId "34199680"]
[WhiteElo "2332"]
[BlackElo "1829"]
[Result "0-1"]
[Round "11"]
[TimeControl "180+1"]
[Date "2021.07.21"]
[WhiteClock "0:00:52"]
[BlackClock "0:01:48"]

1. e4 e5 2. Nc3 Nc6 3. Bc4 Nf6 4. d3 Bc5 5. Nf3 O-O 6. Bg5 h6 7. Bh4 Be7 8. Qd2 d6 9. O-O-O Be6 10. Bxe6 fxe6 11. Bg3 Nd4 12. Nxd4 exd4 13. Ne2 e5 14. Kb1 a5 15. f4 Ng4 16. Nc1 Bf6 17. f5 c5 18. Bf2 a4 19. h3 Nxf2 20. Qxf2 Bg5 21. h4 Be3 22. g3 Bxf2 0-1


[Site "https://www.chess.com"]